AoeStats
← Ken

Black Forest

509865975Analyzed
4v4 RM · 5d ago on Sep 28, 2026· 65m 20s· 8 players
Game mode
Random Map
Map size
Large (8 player)
Population
200
Speed
Normal
Resources
Standard
Victory
Conquest
Starting age
Dark Age
Ending age
Imperial Age
RankedLock teamsTeams togetherTeam positionsShared explorationLock speedFull tech treeHidden civsTurbo modeCheats
Victory
Defeat
🇹🇼 Khmer · Taiwan
1062
+14
🇹🇼 Tatars · Taiwan
1056
+14
🇨🇳 Franks · China
1006
+16
🇹🇼 Celts · Taiwan
996
+17
🇨🇳 Turks · China
1043
-16
🇹🇼 Persians · Taiwan
1040
-16
🇦🇺 Spanish · Australia
1021
-16
🇩🇪 Burgundians · Germany
968
-13
Ken
11:13 Feudal Age
15:20 Castle Age
13:39 Double-Bit Axe
17:30 Bow Saw
18:18 Loom
22:10 Wheelbarrow
22:33 Gold Mining
24:37 Gold Shaft Mining
26:24 Hand Cart
27:55 Stone Mining
31:13 Imperial Age
28:49 Treadmill Crane
29:06 Murder Holes
29:52 Scale Barding Armor
29:57 Forging
31:03 Husbandry
31:48 Chain Barding Armor
32:12 Iron Casting
31:26 Cavalier
33:19 Plate Barding Armor
33:47 Chemistry
32:42 Fletching
32:52 Padded Archer Armor
32:53 Scale Mail Armor
34:47 Blast Furnace
33:36 Paladin
34:20 Scale Mail Armor
34:11 Fletching
34:44 Conscription
35:14 Caravan
36:31 Chivalry
39:12 Padded Archer Armor
40:34 Elite Skirmisher
40:44 Pikeman
43:29 Squires
44:46 Arson
45:18 Chain Mail Armor
44:59 Bodkin Arrow
46:16 Ordonnance Companies
48:29 Plate Mail Armor
48:15 Leather Archer Armor
48:22 Ballistics
49:47 Halberdier
Copam
11:54 Feudal Age
10:57 Loom
15:50 Castle Age
14:17 Double-Bit Axe
14:16 Horse Collar
23:19 Bow Saw
23:20 Heavy Plow
24:25 Gold Mining
24:26 Stone Mining
25:15 Wheelbarrow
30:51 Imperial Age
28:08 Town Watch
28:39 Hand Cart
30:25 Elite Skirmisher
30:33 Pikeman
30:59 Gambesons
31:20 Capped Ram
31:26 Halberdier
34:08 Chemistry
33:04 Murder Holes
35:14 Conscription
34:16 Elite Woad Raider
35:37 Scale Mail Armor
35:48 Forging
35:28 Fletching
35:39 Padded Archer Armor
37:35 Siege Ram
40:07 Chain Mail Armor
40:28 Iron Casting
40:09 Leather Archer Armor
39:49 Bodkin Arrow
44:39 Plate Mail Armor
45:10 Blast Furnace
46:38 Furor Celtica
47:23 Ring Archer Armor
49:37 Onager
54:16 Scale Barding Armor
53:35 Heavy Scorpion
57:59 Coinage
57:29 Caravan
57:40 Guilds
58:43 Stronghold
58:44 Arson
58:21 Man-at-Arms
63:48 Masonry
63:43 Siege Engineers
63:26 Arrowslits
63:33 Guard Tower
63:54 Fortified Wall
65:17 Long Swordsman
布朗勾勾
0:33 Loom
13:41 Feudal Age
18:31 Castle Age
16:49 Town Watch
17:23 Fletching
18:40 Double-Bit Axe
22:40 Double-Bit Axe
24:47 Horse Collar
27:20 Gold Mining
31:08 Imperial Age
30:30 Heavy Plow
31:37 Wheelbarrow
32:39 Conscription
34:12 Town Patrol
34:32 Fortified Wall
35:34 Chemistry
35:38 Bow Saw
36:06 Heavy Scorpion
37:02 Murder Holes
39:34 Double Crossbow
40:17 Husbandry
40:28 Bloodlines
40:58 Light Cavalry
44:49 Ballistics
44:42 Masonry
46:41 Hand Cart
47:13 Caravan
47:58 Crop Rotation
48:51 Capped Ram
52:27 Hussar
53:37 Stone Mining
56:01 Coinage
61:02 Tusk Swords
62:12 Architecture
61:48 Siege Engineers
aoechuan28
1:13 Loom
11:46 Feudal Age
15:49 Castle Age
14:12 Double-Bit Axe
14:09 Horse Collar
17:01 Bow Saw
18:27 Wheelbarrow
17:38 Town Watch
20:20 Bow Saw
22:08 Heavy Plow
25:00 Hand Cart
24:58 Padded Archer Armor
24:50 Fletching
25:01 Padded Archer Armor
25:25 Bloodlines
26:49 Leather Archer Armor
28:22 Ballistics
29:26 Bodkin Arrow
30:47 Husbandry
34:37 Imperial Age
34:58 Heavy Cavalry Archer
35:43 Bracer
36:14 Ring Archer Armor
37:31 Conscription
37:22 Silk Armor
37:43 Conscription
38:34 Crop Rotation
43:43 Scale Barding Armor
43:49 Forging
43:14 Sappers
43:56 Timurid Siegecraft
45:38 Light Cavalry
55:23 Chemistry
54:20 Murder Holes
54:36 Masonry
59:16 Hussar
61:26 Chain Barding Armor
61:42 Iron Casting
Superfarmer
8:56 Loom
11:12 Feudal Age
15:14 Castle Age
13:03 Double-Bit Axe
14:10 Horse Collar
21:38 Wheelbarrow
22:30 Bow Saw
22:43 Heavy Plow
27:17 Imperial Age
25:12 Scale Barding Armor
25:17 Forging
25:36 Bloodlines
25:26 Husbandry
26:44 Chain Barding Armor
26:38 Forging
26:27 Town Watch
27:12 Husbandry
28:11 Hand Cart
28:56 Plate Barding Armor
29:31 Caravan
30:05 Guilds
29:19 Cavalier
30:39 Iron Casting
30:00 Stone Mining
30:02 Gold Mining
30:49 Crop Rotation
31:26 Town Patrol
33:20 Two-Man Saw
33:26 Blast Furnace
32:44 Onager
34:23 Conscription
34:09 Savar
37:19 Chemistry
36:20 Heavy Camel Rider
37:35 Scale Mail Armor
37:09 Pikeman
37:50 Squires
37:35 Arson
37:45 Halberdier
39:23 Chain Mail Armor
40:30 Coinage
45:36 Banking
47:00 Hoardings
46:39 Masonry
46:24 Murder Holes
56:32 Ballistics
56:42 Architecture
57:22 Fletching
58:40 Bodkin Arrow
1725629104
3:24 Loom
15:42 Feudal Age
16:23 Horse Collar
16:31 Double-Bit Axe
17:23 Wheelbarrow
20:13 Castle Age
20:14 Gold Mining
21:19 Bow Saw
21:11 Heavy Plow
25:13 Imperial Age
26:57 Hand Cart
28:33 Thumb Ring
30:52 Caravan
33:11 Two-Man Saw
32:51 Fletching
34:36 Stone Mining
36:19 Padded Archer Armor
36:17 Bodkin Arrow
37:07 Artillery
37:27 Squires
37:43 Forging
37:49 Leather Archer Armor
38:12 Ballistics
37:40 Arrowslits
39:50 Elite Janissary
rugby
10:50 Feudal Age
9:28 Double-Bit Axe
17:40 Castle Age
16:05 Bow Saw
15:54 Horse Collar
17:21 Heavy Plow
18:15 Wheelbarrow
26:42 Gold Mining
26:58 Stone Mining
27:44 Hand Cart
32:35 Gold Shaft Mining
32:36 Stone Shaft Mining
32:35 Crop Rotation
33:08 Two-Man Saw
32:53 Scale Barding Armor
32:49 Scale Mail Armor
33:00 Forging
32:40 Fletching
32:51 Padded Archer Armor
35:25 Imperial Age
33:02 Caravan
33:33 Coinage
33:14 Guilds
36:01 Chain Barding Armor
35:56 Chain Mail Armor
36:17 Iron Casting
35:54 Burgundian Vineyards
35:53 Pikeman
36:34 Squires
36:20 Arson
35:58 Elite Coustillier
36:59 Conscription
36:10 Sappers
37:16 Hoardings
37:30 Murder Holes
37:55 Leather Archer Armor
38:19 Banking
40:07 Plate Barding Armor
40:03 Plate Mail Armor
40:34 Blast Furnace
39:29 Bodkin Arrow
39:19 Elite Skirmisher
45:32 Bracer
45:53 Ballistics
46:35 Chemistry
45:20 Arrowslits
45:46 Fortified Wall
45:16 Treadmill Crane
45:47 Masonry
61:16 Halberdier
Rido
0:26 Loom
11:05 Feudal Age
15:30 Castle Age
13:41 Double-Bit Axe
19:06 Bow Saw
21:19 Horse Collar
22:34 Wheelbarrow
24:34 Hand Cart
25:20 Gold Mining
25:20 Stone Mining
28:22 Imperial Age
26:13 Scale Barding Armor
26:19 Forging
26:42 Husbandry
26:53 Bloodlines
27:32 Caravan
28:01 Chain Barding Armor
28:19 Iron Casting
28:58 Stone Mining
28:44 Cavalier
30:36 Plate Barding Armor
31:02 Blast Furnace
30:45 Paladin
33:15 Two-Man Saw
38:07 Chemistry
37:28 Ballistics
41:48 Conscription
41:51 Supremacy
42:08 Hoardings
41:04 Sappers
41:58 Bombard Tower
41:23 Arrowslits
41:30 Guard Tower
41:50 Fortified Wall
41:36 Murder Holes
41:52 Masonry
46:20 Light Cavalry
47:27 Hussar
62:15 Fletching
62:26 Padded Archer Armor
63:20 Bodkin Arrow
Connection lost

Rejoining the realm…

Still unreachable

The connection could not be restored.

Session expired

The server has moved on; the page needs a fresh start.